Map: Rohana LE

Players

Сергеич

  • Race: Terran Terran
  • League: Gold
  • Spawn Location: 5:00

Михалыч

  • Race: Terran Terran
  • League: Silver
  • Spawn Location: 3:00

Nitrate - Winner!

  • Race: Protoss Protoss
  • League: Gold
  • Spawn Location: 9:00

Вагнер - Winner!

  • Race: Zerg Zerg
  • Spawn Location: 11:00

VOD

Have the link to the VOD?

Description

Time

  • Played on: Feb. 26, 2026, 1:22 p.m.
  • Length: 7:31
Show
View Real Time Build Order
Export as new Build Order

Сергеич Terran 

Build Orders:  

Get SALT Encoding   

  12  0:01  SCV  
  13  0:13  SCV  
  14  0:25  SCV  
  15  0:29  Supply Depot  
  15  0:43  Refinery  
  15  0:50  SCV  
  16  1:00  Barracks  
  16  1:02  SCV  
  17  1:14  SCV  
  18  1:26  SCV  
  18  1:39  SCV  
  19  1:51  SCV  
  20  2:04  Barracks  
  20  2:11  Barracks Tech Lab  
  20  2:12  Barracks  
  20  2:13  SCV  
  21  2:20  Supply Depot  
  22  2:32  Orbital Command  
  21  2:38  Combat Shield  
  21  3:00  Barracks Reactor  
  21  3:01  Barracks Reactor  
  21  3:05  Command Center  
  21  3:19  Refinery  
  21  3:21  SCV  
  21  3:23  Marine  
  23  3:33  SCV  
  24  3:37  Marine x4  
  28  3:41  Marine  
  28  4:03  Supply Depot  
  28  4:06  Supply Depot  
  27  4:16  Marine x5  
  28  4:26  Orbital Command  
  28  4:34  Marine x3  
  28  4:35  Marine x2, Factory  
  28  4:37  Supply Depot  
  31  4:52  Marine x2  
  31  4:53  Marine x2  
  28  5:07  Marine  
  28  5:10  Marine  
  28  5:11  SCV  
  29  5:22  Armory  
  29  5:23  SCV  
  29  5:24  Factory Tech Lab  
  29  5:25  Factory  
  30  5:30  Marine x2  
  30  5:31  Marine  
  32  5:36  SCV  
  33  5:53  Barracks Tech Lab  
  31  5:57  Refinery  
  31  6:00  Refinery  
  28  6:17  Thor  
  34  6:19  Factory Tech Lab  
  34  6:24  Factory  
  34  6:27  SCV x2  
  36  6:41  Thor  
  36  6:45  SCV  
  36  6:46  SCV  
  41  6:52  Supply Depot  
  41  6:53  Supply Depot  
Show
View Real Time Build Order
Export as new Build Order

Михалыч Terran 

Build Orders:  

Get SALT Encoding   

  12  0:00  SCV  
  13  0:13  SCV  
  14  0:28  Refinery, Supply Depot  
  14  0:33  SCV  
  15  1:05  Barracks  
  15  1:14  SCV  
  16  1:18  Refinery  
  16  1:32  Barracks  
  15  1:50  SCV  
  16  1:57  Barracks  
  16  1:58  Barracks Reactor  
  16  2:02  SCV  
  17  2:18  Orbital Command  
  17  2:28  Barracks Reactor  
  17  2:35  Marine  
  17  2:36  Marine  
  19  2:50  Supply Depot  
  19  2:52  Barracks Reactor  
  19  2:56  Marine  
  19  2:57  Marine  
  21  3:05  Marine x2  
  23  3:17  Barracks  
  23  3:23  Marine  
  24  3:39  Marine  
  24  3:40  Marine  
  25  3:48  Marine  
  25  3:49  Marine  
  27  3:57  Marine x2  
  27  4:06  Supply Depot  
  27  4:07  Marine x2  
  29  4:15  Marine  
  30  4:22  Marine  
  30  4:30  Marine x4  
  34  4:33  Marine  
  33  4:48  Marine x3  
  36  5:00  Supply Depot  
  36  5:03  Marine x2  
  38  5:16  Engineering Bay  
  35  5:25  Supply Depot  
  35  5:28  Marine x4  
  38  5:43  Barracks Tech Lab  
  38  5:49  Supply Depot  
  38  5:50  Marine x4  
  40  6:13  Supply Depot  
  40  6:14  Marine  
  40  6:15  Marine x4  
  42  6:40  Bunker  
  16  7:06  Marine  
  16  7:07  Marine x4  
  16  7:08  Marine  
Show
View Real Time Build Order
Export as new Build Order

Nitrate Protoss - Winner!

Build Orders:  

Get SALT Encoding   

  12  0:00  Probe  
  13  0:12  Probe  
  14  0:17  Pylon  
  14  0:24  Probe  
  15  0:36  Probe  
  15  0:40  Gateway  
  16  0:48  Probe  
  16  0:49  Assimilator  
  17  1:04  Probe  
  18  1:12  Probe  
  19  1:20  Probe  
  20  1:43  Probe  
  20  1:57  Cybernetics Core, Probe, Assimilator  
  20  1:58  Nexus  
  20  2:00  Pylon  
  21  2:09  Probe  
  21  2:13  Warp Gate  
  22  2:17  Gateway  
  22  2:21  Probe  
  23  2:26  Pylon  
  23  2:34  Stalker  
  23  2:40  Probe  
  26  2:52  Probe  
  27  3:01  Stalker  
  27  3:02  Stalker  
  27  3:04  Probe  
  32  3:13  Probe  
  32  3:17  Probe  
  34  3:21  Pylon  
  34  3:38  Stalker  
  34  3:42  Probe  
  34  3:47  Twilight Council  
  37  4:04  Stalker  
  37  4:05  Stalker  
  40  4:51  Stalker x2  
  42  4:53  Probe  
  42  4:54  Probe  
  42  4:58  Pylon  
  44  5:05  Probe  
  43  5:28  Stalker x2  
  45  5:32  Gateway  
  45  5:34  Gateway  
  47  5:43  Probe x2  
  49  5:55  Probe x2  
  51  6:06  Pylon  
  51  6:14  Stalker x2  
  55  6:22  Probe x2  
  55  6:24  Robotics Facility  
  56  7:01  Stalker x4  
  56  7:02  Probe x2  
  64  7:14  Probe x2  
  66  7:26  Gateway  
  69  7:31  Assimilator  
Show
View Real Time Build Order
Export as new Build Order

Вагнер Zerg - Winner!

Build Orders: Pool First 

Get SALT Encoding   

  12  0:01  Drone  
  13  0:08  Drone  
  14  0:19  Extractor, Drone  
  15  0:22  Overlord  
  15  0:40  Spawning Pool  
  15  0:41  Drone  
  15  0:45  Drone  
  15  0:48  Extractor  
  15  0:51  Drone  
  15  0:55  Drone  
  17  1:05  Overlord  
  17  1:33  Zergling x2  
  17  1:34  Zergling x2  
  17  1:35  Hatchery  
  17  1:38  Zergling x2  
  19  1:48  Queen  
  21  1:57  Drone  
  21  2:00  Metabolic Boost  
  22  2:16  Drone  
  22  2:17  Drone  
  25  2:22  Zergling x2  
  25  2:31  Lair  
  25  2:32  Drone  
  25  2:35  Spore Crawler  
  25  2:42  Drone  
  26  2:50  Drone, Extractor  
  26  2:54  Queen  
  29  2:58  Drone  
  29  3:11  Drone  
  30  3:21  Drone x2  
  30  3:22  Drone  
  33  3:37  Drone x4  
  35  3:44  Overlord  
  35  3:45  Overlord  
  33  4:11  Drone  
  33  4:16  Spire  
  33  4:22  Drone x2  
  35  4:25  Extractor  
  35  4:26  Drone x3  
  37  4:33  Hydralisk Den  
  37  4:35  Drone, Overlord  
  37  4:40  Drone x2  
  37  4:41  Drone  
  40  4:46  Hatchery  
  39  4:53  Drone  
  40  5:04  Muscular Augments  
  40  5:14  Drone x4  
  43  5:18  Extractor  
  43  5:19  Spore Crawler  
  42  5:24  Drone x2  
  42  5:25  Drone  
  42  5:28  Zerg Flyer Weapons Level 1  
  45  5:29  Mutalisk x4  
  45  5:35  Pneumatized Carapace  
  53  5:42  Mutalisk  
  55  5:55  Mutalisk  
  57  6:01  Drone  
  57  6:02  Drone x6  
  64  6:11  Mutalisk  
  64  6:14  Overlord x3  
  64  6:15  Overlord  
  66  6:26  Grooved Spines  
  66  6:39  Mutalisk x2, Extractor  
  69  6:41  Extractor  
  68  7:00  Mutalisk x3  
Tags
 
Add a new tag
Caveats
  • Supply blocks, unpowered buildings, or Contaminate may cause inaccurate times.
  • Supply counts are checked every 10 seconds.